TOP OF THE 1ST |
Tuscaloosa Trout Slayers batting - Pitching for Havana Rollers : RHP Ron Jenkins
|
Pitching: RHP Ron Jenkins
|
|
Batting: LHB Manuel Ortega
|
0-0: Ground out U3 (Groundball, 3)
|
Batting: RHB Alfredo Díaz
|
0-0: Called Strike 0-1: Ball 1-1: Ball 2-1: Foul Ball, location: 2F 2-2: Ball 3-2: Ground out 5-3 (Groundball, 25)
|
Batting: LHB Juan Hernández
|
0-0: Ball 1-0: Swinging Strike 1-1: SOLO HOME RUN (Flyball, 9LD), Distance : 365 ft
|
Batting: LHB Marcos Villarreal
|
0-0: Ball 1-0: Ball 2-0: Fly out, F5 (Line Drive, 56)
|
Top of the 1st over - 1 run, 1 hit, 0 errors, 0 left on base; Tuscaloosa 1 - Havana 0 |
BOTTOM OF THE 1ST |
Havana Rollers batting - Pitching for Tuscaloosa Trout Slayers : RHP Fernando Rodríguez
|
Pitching: RHP Fernando Rodríguez
|
|
Batting: LHB Marvin Nichols
|
0-0: Foul Ball, location: 2F 0-1: Foul Ball, location: 2F 0-2: Ball 1-2: Foul Ball, location: 2F 1-2: Ball 2-2: Strikes out swinging
|
Batting: LHB Jimmy Husted
|
0-0: Ball 1-0: Ball 2-0: Swinging Strike 2-1: Swinging Strike 2-2: Ball 3-2: DOUBLE (Line Drive, 78D)
|
Batting: LHB Wilson Allen
|
0-0: Swinging Strike 0-1: Called Strike Jimmy Husted steals 3rd base 0-2: Ball 1-2: Ball 2-2: SINGLE (Line Drive, 7S) Jimmy Husted scores
|
Batting: LHB Shiro Ueno
|
0-0: Ball 1-0: Called Strike 1-1: Swinging Strike 1-2: Strikes out looking
|
Batting: RHB Bill Little
|
0-0: Ball 1-0: Ball 2-0: Foul Ball, location: 2F 2-1: Foul Ball, location: 2F 2-2: Strikes out swinging
|
Bottom of the 1st over - 1 run, 2 hits, 0 errors, 1 left on base; Tuscaloosa 1 - Havana 1 |
TOP OF THE 2ND |
Tuscaloosa Trout Slayers batting - Pitching for Havana Rollers : RHP Ron Jenkins
|
Batting: RHB Augusto Baca
|
0-0: Ball 1-0: Ball 2-0: Ball 3-0: Base on Balls
|
Batting: RHB Kyle O'Day
|
0-0: Ball 1-0: Foul Ball, location: 2F 1-1: Foul Ball, location: 2F 1-2: Foul Ball, location: 2F 1-2: Fielders Choice at 2nd, 3-6 (Groundball, 34)
|
Batting: RHB Juan Reyes
|
0-0: Called Strike 0-1: Ball Kyle O'Day steals 2nd base 1-1: Swinging Strike 1-2: Strikes out swinging
|
Batting: SHB António Ramírez
|
0-0: Ball 1-0: Ball 2-0: Ball 3-0: Base on Balls
|
Batting: RHB Claudio Gonzáles
|
0-0: DOUBLE (Flyball, 78XD) Kyle O'Day scores António Ramírez to third Runner from 3rd tries for Home, SAFE, no throw
|
Batting: LHB Manuel Ortega
|
0-0: Ball 1-0: Ball 2-0: Ball Wild Pitch! Claudio Gonzáles to third 3-0: Called Strike 3-1: Base on Balls
|
Batting: RHB Alfredo Díaz
|
0-0: Swinging Strike 0-1: Ball 1-1: Ball 2-1: Ball 3-1: Fielders Choice at 2nd, 6-4 (Groundball, 6)
|
Top of the 2nd over - 2 runs, 1 hit, 0 errors, 2 left on base; Tuscaloosa 3 - Havana 1 |
BOTTOM OF THE 2ND |
Havana Rollers batting - Pitching for Tuscaloosa Trout Slayers : RHP Fernando Rodríguez
|
Batting: RHB Paul Bailey
|
0-0: DOUBLE (Line Drive, 89D)
|
Batting: RHB Soshu Nakamura
|
0-0: Called Strike 0-1: Ball 1-1: Swinging Strike 1-2: Ball 2-2: Foul Ball, location: 2F 2-2: SINGLE (Groundball, 34D) Paul Bailey to third
|
Batting: RHB Mitsuharu Matsumoto
|
0-0: Ball 1-0: Called Strike 1-1: SINGLE (Groundball, 6MD) Paul Bailey scores Soshu Nakamura to second Runner from 2nd tries for 3rd, SAFE, no throw
|
Batting: RHB Ken MacDonald
|
0-0: Called Strike 0-1: Swinging Strike 0-2: Foul Ball, location: 2F 0-2: Ball Passed Ball! Soshu Nakamura scores Mitsuharu Matsumoto to second 1-2: 2-RUN HOME RUN (Flyball, 9D), Distance : 386 ft
|
Batting: LHB Marvin Nichols
|
0-0: Swinging Strike 0-1: Swinging Strike 0-2: Ball 1-2: Foul Ball, location: 2F 1-2: Strikes out swinging
|
Batting: LHB Jimmy Husted
|
0-0: Ball 1-0: Ball 2-0: Ball 3-0: Called Strike 3-1: Called Strike 3-2: Base on Balls
|
Batting: LHB Wilson Allen
|
0-0: Ball 1-0: Called Strike 1-1: Ball 2-1: Foul Ball, location: 2F 2-2: 2-RUN HOME RUN (Flyball, 9LD), Distance : 366 ft
|
Batting: LHB Shiro Ueno
|
0-0: Ground out 5-3 (Groundball, 5)
|
Batting: RHB Bill Little
|
0-0: Ball 1-0: Ground out 6-3 (Groundball, 6)
|
Bottom of the 2nd over - 6 runs, 5 hits, 0 errors, 0 left on base; Tuscaloosa 3 - Havana 7 |
TOP OF THE 3RD |
Tuscaloosa Trout Slayers batting - Pitching for Havana Rollers : RHP Ron Jenkins
|
Batting: LHB Juan Hernández
|
0-0: SINGLE (Groundball, 6MD)
|
Batting: LHB Marcos Villarreal
|
0-0: Ball Juan Hernández is caught stealing 2nd base 1-0: Ball 2-0: Swinging Strike 2-1: Swinging Strike 2-2: Ball 3-2: Strikes out swinging
|
Batting: RHB Augusto Baca
|
0-0: Ball 1-0: Ball 2-0: SOLO HOME RUN (Flyball, 9D), Distance : 386 ft
|
Batting: RHB Kyle O'Day
|
0-0: Ball 1-0: Ball 2-0: Foul Ball, location: 2F 2-1: Foul Ball, location: 2F 2-2: Foul Ball, location: 2F 2-2: Foul Ball, location: 2F 2-2: Foul Ball, location: 2F 2-2: Strikes out swinging
|
Top of the 3rd over - 1 run, 2 hits, 0 errors, 0 left on base; Tuscaloosa 4 - Havana 7 |
BOTTOM OF THE 3RD |
Havana Rollers batting - Pitching for Tuscaloosa Trout Slayers : RHP Fernando Rodríguez
|
Batting: RHB Paul Bailey
|
0-0: Ball 1-0: Fly out, F3 (Popup, 3SF)
|
Batting: RHB Soshu Nakamura
|
0-0: Ball 1-0: Foul Ball, location: 2F 1-1: Foul Ball, location: 2F 1-2: SINGLE (Line Drive, 56D)
|
Pitching: LHP Kelly Henry
|
|
Batting: RHB Mitsuharu Matsumoto
|
0-0: Ball 1-0: Ball 2-0: Foul Ball, location: 2F 2-1: Ball 3-1: Fielders Choice at 2nd, 6-4 (Groundball, 6)
|
Batting: RHB Ken MacDonald
|
0-0: Fielders Choice at 2nd, 5-4 (Groundball, 5)
|
Bottom of the 3rd over - 0 runs, 1 hit, 0 errors, 1 left on base; Tuscaloosa 4 - Havana 7 |
TOP OF THE 4TH |
Tuscaloosa Trout Slayers batting - Pitching for Havana Rollers : RHP Ron Jenkins
|
Batting: RHB Juan Reyes
|
0-0: Ball 1-0: Foul Ball, location: 2F 1-1: Called Strike 1-2: Foul Ball, location: 2F 1-2: Ground out U3 (Groundball, 3S)
|
Batting: SHB António Ramírez
|
0-0: Foul Ball, location: 2F 0-1: Ball 1-1: Foul Ball, location: 2F 1-2: Strikes out swinging
|
Batting: RHB Claudio Gonzáles
|
0-0: Ball 1-0: Ground out 4-3 (Groundball, 4)
|
Top of the 4th over - 0 runs, 0 hits, 0 errors, 0 left on base; Tuscaloosa 4 - Havana 7 |
BOTTOM OF THE 4TH |
Havana Rollers batting - Pitching for Tuscaloosa Trout Slayers : LHP Kelly Henry
|
Batting: LHB Marvin Nichols
|
0-0: Ball 1-0: Ground out 4-3 (Groundball, 4D)
|
Batting: LHB Jimmy Husted
|
0-0: Ball 1-0: Ground out 6-3 (Groundball, 6)
|
Batting: LHB Wilson Allen
|
0-0: Ground out 4-3 (Groundball, 4)
|
Bottom of the 4th over - 0 runs, 0 hits, 0 errors, 0 left on base; Tuscaloosa 4 - Havana 7 |
TOP OF THE 5TH |
Tuscaloosa Trout Slayers batting - Pitching for Havana Rollers : RHP Ron Jenkins
|
Batting: LHB Manuel Ortega
|
0-0: Called Strike 0-1: Fly out, F8 (Flyball, 78D)
|
Batting: RHB Alfredo Díaz
|
0-0: Called Strike 0-1: Ball 1-1: Foul Ball, location: 2F 1-2: Ball 2-2: SINGLE (Groundball, 6MD)
|
Batting: LHB Juan Hernández
|
0-0: Ball 1-0: Foul Ball, location: 2F 1-1: Foul Ball, location: 2F 1-2: Fly out, F9 (Flyball, 9D) Runner from 1st tags up, SAFE at 2nd
|
Batting: LHB Marcos Villarreal
|
0-0: Called Strike 0-1: Ball 1-1: Fly out, F8 (Flyball, 8RXD)
|
Top of the 5th over - 0 runs, 1 hit, 0 errors, 1 left on base; Tuscaloosa 4 - Havana 7 |
BOTTOM OF THE 5TH |
Havana Rollers batting - Pitching for Tuscaloosa Trout Slayers : LHP Kelly Henry
|
Batting: LHB Shiro Ueno
|
0-0: Swinging Strike 0-1: Ball 1-1: Foul Ball, location: 2F 1-2: Ball 2-2: Fly out, F3 (Flyball, 3D)
|
Now at 1B: José Fernández
|
|
Batting: RHB Bill Little
|
0-0: Called Strike 0-1: Called Strike 0-2: Ball 1-2: Foul Ball, location: 2F 1-2: Ball 2-2: Ground out 6-3 (Groundball, 6MD)
|
Batting: RHB Paul Bailey
|
0-0: Ball 1-0: Called Strike 1-1: Ground out 4-3 (Groundball, 4MD)
|
Bottom of the 5th over - 0 runs, 0 hits, 0 errors, 0 left on base; Tuscaloosa 4 - Havana 7 |
TOP OF THE 6TH |
Tuscaloosa Trout Slayers batting - Pitching for Havana Rollers : RHP Ron Jenkins
|
Batting: RHB Augusto Baca
|
0-0: Fly out, F7 (Flyball, 7LM)
|
Batting: RHB Kyle O'Day
|
0-0: Called Strike 0-1: Called Strike 0-2: Foul Ball, location: 2F 0-2: Ball 1-2: Strikes out looking
|
Batting: RHB Juan Reyes
|
0-0: SOLO HOME RUN (Line Drive, 7D), Distance : 385 ft
|
Pitching: RHP Kel Meyer
|
|
Batting: SHB António Ramírez
|
0-0: Ball 1-0: Foul Ball, location: 2F 1-1: Foul Ball, location: 2F 1-2: Ball 2-2: Ball 3-2: Ground out 1-3 (Groundball, 13)
|
Top of the 6th over - 1 run, 1 hit, 0 errors, 0 left on base; Tuscaloosa 5 - Havana 7 |
BOTTOM OF THE 6TH |
Havana Rollers batting - Pitching for Tuscaloosa Trout Slayers : LHP Kelly Henry
|
Batting: RHB Soshu Nakamura
|
0-0: Called Strike 0-1: Foul Ball, location: 2F 0-2: Ball 1-2: Strikes out looking
|
Batting: RHB Mitsuharu Matsumoto
|
0-0: Ball 1-0: Called Strike 1-1: SINGLE (Groundball, 2R) (infield hit)
|
Batting: RHB Ken MacDonald
|
0-0: Foul Ball, location: 2F 0-1: SINGLE (Line Drive, 7LM) Mitsuharu Matsumoto to second
|
Batting: LHB Marvin Nichols
|
0-0: Called Strike 0-1: Swinging Strike 0-2: Strikes out looking
|
Batting: LHB Jimmy Husted
|
0-0: Hit by Pitch Mitsuharu Matsumoto to third Ken MacDonald to second
|
Batting: LHB Wilson Allen
|
0-0: Called Strike 0-1: Foul Ball, location: 2F 0-2: Ball 1-2: Ball 2-2: Strikes out swinging
|
Bottom of the 6th over - 0 runs, 2 hits, 0 errors, 3 left on base; Tuscaloosa 5 - Havana 7 |
TOP OF THE 7TH |
Tuscaloosa Trout Slayers batting - Pitching for Havana Rollers : RHP Kel Meyer
|
Batting: RHB Claudio Gonzáles
|
0-0: Ball 1-0: Called Strike 1-1: Ground out 5-3 (Groundball, 25)
|
Batting: LHB Manuel Ortega
|
0-0: Foul Ball, location: 2F 0-1: Ball 1-1: Swinging Strike 1-2: Ball 2-2: Ball 3-2: Strikes out swinging
|
Pitching: RHP Nolan Baker
|
|
Batting: RHB Alfredo Díaz
|
0-0: Called Strike 0-1: Swinging Strike 0-2: Ball 1-2: Strikes out swinging
|
Top of the 7th over - 0 runs, 0 hits, 0 errors, 0 left on base; Tuscaloosa 5 - Havana 7 |
BOTTOM OF THE 7TH |
Havana Rollers batting - Pitching for Tuscaloosa Trout Slayers : LHP Kelly Henry
|
Batting: LHB Shiro Ueno
|
0-0: Ball 1-0: Ball 2-0: Foul Ball, location: 2F 2-1: Ball 3-1: Foul Ball, location: 2F 3-2: SINGLE (Flyball, 8LS)
|
Batting: RHB Bill Little
|
0-0: Ball 1-0: SINGLE (Line Drive, 4MD) Shiro Ueno to second
|
Batting: RHB Paul Bailey
|
0-0: Ball 1-0: Ball 2-0: Ball 3-0: Base on Balls Shiro Ueno to third Bill Little to second
|
Batting: RHB Soshu Nakamura
|
0-0: Ball 1-0: Called Strike 1-1: Foul Ball, location: 2F 1-2: Foul Ball, location: 2F 1-2: Foul Ball, location: 2F 1-2: Foul Ball, location: 2F 1-2: Ball 2-2: Strikes out looking
|
Pitching: RHP Jimmy Bradley
|
|
Pinch Hitting: RHB Raúl Soto
|
0-0: Ball 1-0: Called Strike 1-1: Ball 2-1: SINGLE (Groundball, 6MD) Shiro Ueno scores Bill Little to third Paul Bailey to second
|
Pinch Hitting: LHB Enrique Cortéz
|
0-0: Hit by Pitch Bill Little scores Paul Bailey to third Raúl Soto to second
|
Batting: LHB Marvin Nichols
|
0-0: Called Strike 0-1: Called Strike 0-2: Fly out, F9 (Flyball, 89S)
|
Batting: LHB Jimmy Husted
|
0-0: Called Strike 0-1: Ball 1-1: Ground out 4-3 (Groundball, 4)
|
Bottom of the 7th over - 2 runs, 3 hits, 0 errors, 3 left on base; Tuscaloosa 5 - Havana 9 |
TOP OF THE 8TH |
Tuscaloosa Trout Slayers batting - Pitching for Havana Rollers : RHP Nolan Baker
|
Now at 3B: Chad Case
|
|
Now in CF: Raúl Soto
|
|
Batting: LHB Juan Hernández
|
0-0: Ball 1-0: Ball 2-0: Ball 3-0: Base on Balls
|
Batting: RHB José Fernández
|
0-0: Called Strike 0-1: Ball 1-1: Swinging Strike 1-2: Foul Ball, location: 2F 1-2: Ball 2-2: Ball 3-2: Strikes out looking Juan Hernández steals 2nd base Batter strikes out.
|
Batting: RHB Augusto Baca
|
0-0: Ball 1-0: Foul Ball, location: 2F 1-1: SINGLE (Flyball, 89S) Juan Hernández to third
|
Batting: RHB Kyle O'Day
|
0-0: Swinging Strike 0-1: Ball 1-1: Foul Ball, location: 2F 1-2: Foul Ball, location: 2F 1-2: Strikes out swinging
|
Batting: RHB Juan Reyes
|
0-0: Ball 1-0: Swinging Strike 1-1: Swinging Strike 1-2: Ball 2-2: Strikes out swinging
|
Top of the 8th over - 0 runs, 1 hit, 0 errors, 2 left on base; Tuscaloosa 5 - Havana 9 |
BOTTOM OF THE 8TH |
Havana Rollers batting - Pitching for Tuscaloosa Trout Slayers : RHP Jimmy Bradley
|
Batting: LHB Wilson Allen
|
0-0: Ball 1-0: Fly out, F8 (Line Drive, 8LM)
|
Batting: LHB Shiro Ueno
|
0-0: Called Strike 0-1: Foul Ball, location: 2F 0-2: Foul Ball, location: 2F 0-2: Ball 1-2: Ball 2-2: Foul Ball, location: 2F 2-2: Strikes out swinging
|
Batting: RHB Bill Little
|
0-0: Foul Ball, location: 2F 0-1: Ball 1-1: SINGLE (Line Drive, 56D)
|
Batting: RHB Paul Bailey
|
0-0: Called Strike 0-1: Ball 1-1: Called Strike 1-2: Ball 2-2: Foul Ball, location: 2F 2-2: Strikes out swinging
|
Bottom of the 8th over - 0 runs, 1 hit, 0 errors, 1 left on base; Tuscaloosa 5 - Havana 9 |
TOP OF THE 9TH |
Tuscaloosa Trout Slayers batting - Pitching for Havana Rollers : RHP Nolan Baker
|
Batting: SHB António Ramírez
|
0-0: Called Strike 0-1: Foul Ball, location: 2F 0-2: Foul Ball, location: 2F 0-2: Ball 1-2: Ball 2-2: Foul Ball, location: 2F 2-2: Ball 3-2: Foul Ball, location: 2F 3-2: Foul Ball, location: 2F 3-2: Foul Ball, location: 2F 3-2: Foul Ball, location: 2F 3-2: SINGLE (Groundball, 34D)
|
Batting: RHB Claudio Gonzáles
|
0-0: Ball 1-0: Foul Ball, location: 2F 1-1: Swinging Strike 1-2: Ball 2-2: Ball 3-2: Foul Ball, location: 2F 3-2: Foul Ball, location: 2F 3-2: Strikes out swinging António Ramírez is caught stealing 2nd base Batter strikes out.
|
Batting: LHB Manuel Ortega
|
0-0: Called Strike 0-1: Ball 1-1: Swinging Strike 1-2: Strikes out swinging
|
Top of the 9th over - 0 runs, 1 hit, 0 errors, 0 left on base; Tuscaloosa 5 - Havana 9 |
|